Map: Whirlwind LE (Void)

Players

Zeke - Winner!

  • Race: Terran Terran
  • Spawn Location: 11:00

Musumeci

  • Race: Zerg Zerg
  • League: Diamond
  • Spawn Location: 5:00

VOD

Have the link to the VOD?

Description

Time

  • Played on: Jan. 7, 2017, 4:05 p.m.
  • Length: 9:35
Show
View Real Time Build Order
Export as new Build Order

Zeke Terran - Winner!

Build Orders: Reaper Expand, MMM Bio 

Get SALT Encoding   

  12  0:01  SCV  
  13  0:13  SCV  
  14  0:17  Supply Depot  
  14  0:25  SCV  
  15  0:39  SCV  
  15  0:41  Barracks  
  16  0:45  Refinery  
  16  0:51  SCV  
  17  1:03  SCV  
  18  1:15  SCV  
  19  1:27  Orbital Command  
  19  1:28  Reaper  
  20  1:43  Command Center  
  20  1:54  SCV  
  20  1:56  Supply Depot  
  21  2:06  Barracks Reactor, SCV  
  22  2:18  Barracks  
  22  2:19  SCV  
  23  2:31  SCV  
  23  2:36  Factory  
  24  2:43  SCV  
  25  2:48  Marine  
  25  2:49  Marine  
  27  2:55  SCV  
  27  2:57  Orbital Command, Supply Depot  
  28  3:06  Marine  
  28  3:07  SCV  
  28  3:11  Barracks Tech Lab  
  29  3:13  Marine  
  29  3:19  SCV  
  31  3:21  Factory Reactor  
  31  3:24  Marine  
  32  3:29  Bunker  
  32  3:30  SCV  
  32  3:31  SCV  
  34  3:34  Marine x2  
  36  3:43  SCV x2  
  36  3:44  Refinery  
  36  3:46  Stimpack  
  36  3:47  Marine  
  39  3:55  SCV  
  40  3:59  Widow Mine, Engineering Bay  
  40  4:01  Widow Mine  
  44  4:03  Marine  
  45  4:13  SCV  
  45  4:14  SCV  
  45  4:15  Refinery, Marine x2  
  49  4:23  Marine, Supply Depot  
  50  4:25  SCV  
  50  4:26  SCV  
  50  4:29  Terran Infantry Weapons Level 1  
  50  4:30  Missile Turret  
  52  4:36  Marine  
  52  4:38  SCV  
  54  4:44  Widow Mine, Starport  
  56  4:48  SCV, Marine x2  
  56  4:50  SCV  
  60  4:54  Marine  
  61  5:00  SCV  
  61  5:06  Marine x2, Supply Depot  
  64  5:13  Command Center  
  64  5:22  SCV, Barracks  
  65  5:28  Supply Depot  
  65  5:29  Refinery  
  65  5:37  Marine x2  
  65  5:40  Barracks, Factory Reactor  
  67  5:45  Medivac x2  
  67  5:47  Marine  
  67  5:49  SCV  
  73  5:53  SCV  
  73  5:55  Marine  
  75  5:58  Supply Depot  
  75  6:00  Marine  
  75  6:01  SCV  
  77  6:05  Marine  
  77  6:07  Combat Shields  
  78  6:13  Marine  
  78  6:14  Medivac  
  78  6:17  Marine, Medivac  
  85  6:26  Marine x2  
  85  6:29  Orbital Command  
  85  6:30  Marine  
  85  6:32  SCV x2  
  89  6:35  Marine, Terran Infantry Armor Level 1  
  90  6:43  Marine, Supply Depot  
  90  6:44  SCV x2, Marine x2, Medivac  
  97  6:48  Marine  
  97  6:53  Marine  
  99  6:56  Medivac  
  99  7:01  Marine x2  
  101  7:02  Marine  
  101  7:06  Marine  
  103  7:11  Marine  
  103  7:14  Medivac  
  95  7:19  Marine x3  
  96  7:24  Marine  
  96  7:29  Marine  
  98  7:32  Barracks  
  98  7:34  Barracks  
  98  7:37  Marine x3  
  98  7:42  Liberator, Marine  
  98  7:43  Liberator  
  102  7:46  Marine  
  99  7:54  Marine  
  99  7:55  Marine x2  
  98  7:59  Marine  
  98  8:04  Marine  
  106  8:12  Marine  
  106  8:13  Barracks, Marine x2  
  106  8:14  Barracks  
  106  8:16  Barracks  
  106  8:17  Marine  
  107  8:22  Marine  
  105  8:30  Marine  
  105  8:31  Marine  
  105  8:32  Barracks Reactor x2  
  105  8:35  Barracks Reactor, Marine  
  105  8:40  Marine  
  105  8:48  Marine  
  106  8:49  Marine, Medivac x2  
  106  8:53  SCV x3, Marine  
  115  8:58  Marine  
  115  9:00  Supply Depot  
  115  9:01  Supply Depot  
  115  9:02  Barracks Reactor  
  116  9:05  SCV  
  116  9:06  Barracks Reactor  
  117  9:10  Barracks Reactor  
  117  9:11  SCV x2, Marine x5  
  117  9:16  Marine  
Show
View Real Time Build Order
Export as new Build Order

Musumeci Zerg 

Build Orders: Hatch First 

Get SALT Encoding   

  12  0:01  Drone  
  13  0:08  Drone  
  14  0:16  Extractor  
  14  0:19  Drone, Extractor  
  15  0:40  Hatchery  
  14  0:45  Extractor  
  14  0:46  Drone  
  15  1:03  Spawning Pool  
  14  1:07  Extractor  
  14  1:08  Extractor  
  14  1:09  Drone  
  13  1:13  Drone  
  16  1:18  Overlord  
  16  1:36  Drone x2  
  18  1:41  Drone  
  19  1:51  Queen  
  19  1:52  Queen  
  23  2:03  Drone x3  
  23  2:06  Extractor  
  23  2:07  Drone  
  26  2:13  Overlord  
  27  2:23  Extractor  
  27  2:27  Queen  
  28  2:31  Queen  
  28  2:36  Overlord  
  30  2:38  Drone  
  30  2:42  Drone x2  
  33  2:52  Drone x2  
  33  2:54  Drone  
  33  2:56  Drone  
  37  2:59  Overlord  
  37  3:03  Drone  
  37  3:04  Drone x2  
  40  3:15  Drone x2  
  42  3:30  Hatchery  
  42  3:33  Extractor  
  40  3:35  Extractor  
  40  3:36  Drone x4, Roach Warren  
  40  3:40  Drone x2  
  44  3:48  Drone x2  
  46  3:57  Evolution Chamber  
  46  3:58  Evolution Chamber  
  46  4:01  Drone x2, Overlord  
  46  4:04  Overlord  
  46  4:12  Overlord  
  46  4:16  Roach x2  
  50  4:17  Roach  
  50  4:20  Roach  
  54  4:43  Drone  
  54  4:44  Drone, Extractor  
  54  4:45  Drone x2  
  57  4:47  Lair  
  57  4:48  Drone  
  57  4:49  Drone, Extractor  
  57  4:50  Drone x2, Overlord  
  57  4:51  Overlord  
  60  4:59  Drone x2  
  62  5:00  Drone, Spore Crawler  
  62  5:02  Drone, Spore Crawler  
  62  5:03  Spore Crawler  
  62  5:05  Drone, Spore Crawler  
  62  5:06  Drone x2  
  63  5:13  Roach  
  63  5:14  Roach  
  67  5:38  Roach x4  
  75  5:45  Glial Reconstitution  
  75  5:48  Zerg Ground Armor Level 1  
  77  5:50  Roach x4  
  83  6:05  Drone x8  
  83  6:06  Drone x4  
  83  6:08  Extractor  
  83  6:10  Drone x2, Extractor  
  83  6:11  Drone  
  96  6:18  Drone x2  
  98  6:20  Overlord  
  98  6:48  Ravager x7  
  98  6:49  Ravager  
  98  6:53  Overseer x2  
  106  7:15  Roach x4  
  95  7:16  Roach x6  
  92  7:22  Roach  
  92  7:23  Roach x7  
  95  7:48  Roach  
  95  7:49  Roach x2  
  95  7:50  Roach x2  
  89  7:57  Roach  
  89  7:58  Roach x4  
  82  8:08  Roach x2  
  64  8:45  Hatchery  
  63  8:53  Ravager x6  
  63  8:55  Roach x3  
  75  8:58  Overlord  
  75  8:59  Overlord x5  
  75  9:01  Overseer  
  74  9:11  Spore Crawler x2  
  74  9:15  Drone x4  
Tags
 
Composition
MMM Bio
League
Diamond
Matchup
TvZ
Replay Pack
replay pack
Spawn Locations
Cross Positions
Add a new tag
Caveats
  • Supply blocks, unpowered buildings, or Contaminate may cause inaccurate times.
  • Supply counts are checked every 10 seconds.